 Dungeon Crawl Stone Soup version 0.30-a0-377-g5cb311bc9f (webtiles) character file.

Game seed: 17333091211516594141

10354 Shayle the Trooper (level 11, -6/87 HPs)
             Began as a Demonspawn Reaver on Nov 28, 2022.
             Was a Believer of Ashenzari.
             Mangled by a minotaur
             ... wielding the +4 falchion "Itirph" {protect, rCorr Str+4}
              (17 damage)
             ... in a Gauntlet.
             The game lasted 00:30:56 (8970 turns).

Shayle the Trooper (Demonspawn Reaver)              Turns: 8970, Time: 00:30:57

Health: -6/87      AC: 13    Str: 13    XL:     11   Next: 35%
Magic:  16/28      EV: 13    Int: 24    God:    Ashenzari [**....]
Gold:   104        SH:  0    Dex: 11    Spells: 4/21 levels left

rFire   . . .      SeeInvis +    L - +9 hammer of the Glimmering Enemy {venom, rC+ MP+9 Int+5}
rCold   + . .      Faith    .    (no shield)
rNeg    + . .      Spirit   .    I - +2 ring mail {Will+}
rPois   .          Reflect  .    (helmet unavailable)
rElec   .          Harm     .    M - +0 cloak
rCorr   .          Rampage  .    (no gloves)
Will    +....      NoTele   +    t - +2 pair of boots
Stlth   ++........               m - amulet of the Prophetic Heavens {Regen+, Evo, Self} (curse)
HPRegen 1.14/turn                f - ring "Tethered Cynicism" {rN+, Comp, Elem} (curse)
MPRegen 0.42/turn                k - ring "Thunder Perfect Mind" {Wiz, Alch, Cun} (curse)

@: very slightly contaminated
A: antennae 3, slimy green scales 1, ignite blood 1, magic regeneration
a: Renounce Religion, Curse Item, Shatter the Chains


You were in a Gauntlet.
You worshipped Ashenzari.
Ashenzari was pleased with you.
You visited 3 branches of the dungeon, and saw 12 of its levels.
You also visited: Sewer and Gauntlet.

You collected 481 gold pieces.
You spent 377 gold pieces at shops.

Inventory:

Hand Weapons
 h - the +9 whip "Hiwerph" {spect, rElec rC+ Stlth+}
   (You found it on level 2 of the Dungeon)

   When its wielder attacks, the weapon's spirit leaps out and strikes again.
   The spirit shares a part of any damage it takes with its wielder.
   rC:        It protects you from cold.
   rElec:     It insulates you from electricity.
   Stlth:     It makes you more stealthy.
 w - a +3 rapier of draining
 K - the +8 hammer of Defence {speed, Str+3}
   (You found it on level 6 of the Dungeon)

   Attacks with this weapon are significantly faster.
   Str:       It affects your strength (+3).
 L - the +9 hammer of the Glimmering Enemy (weapon) {venom, rC+ MP+9 Int+5}
   (You found it on level 6 of the Dungeon)

   It poisons the flesh of those it strikes.
   Int:       It affects your intelligence (+5).
   rC:        It protects you from cold.
   MP:        It affects your magic capacity (+9).
 N - the +6 hammer of Zeerypom {freeze, Int+3}
   (You found it on level 6 of the Dungeon)

   It freezes those it strikes, dealing additional cold damage.
   It can also slow down cold-blooded creatures.
   Int:       It affects your intelligence (+3).
Missiles
 n - 2 throwing nets
 R - 3 atropa-tipped darts (quivered)
Armour
 t - a +2 pair of boots (worn)
 H - +0 steam dragon scales
 I - a +2 ring mail of willpower (worn)
 M - a +0 cloak (worn)
Jewellery
 a - an amulet of the acrobat
 f - the cursed ring "Tethered Cynicism" (left hand) {rN+, Comp, Elem}
   (You found it on level 1 of the Dungeon)

   [ring of positive energy]

   rN:        It protects you from negative energy.
   It has a curse which improves the following skills: Companions: Summonings
   and Necromancy.
   Elements:  Fire Magic, Ice Magic, Air Magic and Earth Magic.
 k - the cursed ring "Thunder Perfect Mind" (right hand) {Wiz, Alch, Cun}
   (You found it on level 2 of the Dungeon)

   [ring of wizardry]

   It improves your spell success rate.
   It has a curse which improves the following skills: Alchemy: Poison Magic and
   Transmutations.
   Cunning:   Dodging and Stealth.
 m - the cursed amulet of the Prophetic Heavens (around neck) {Regen+, Evo, Self}
   (You found it on level 2 of the Dungeon)

   [amulet of regeneration]

   Regen:     It increases your rate of health regeneration.
   It has a curse which improves the following skills: Evocations: Evocations.
   Introspection: Fighting and Spellcasting.
 O - a ring of ice
Wands
 u - a wand of roots (6)
 v - a wand of polymorph (7)
 x - a wand of flame (15)
 y - a wand of quicksilver (14)
 Q - a wand of charming (9)
Scrolls
 c - 3 scrolls of brand weapon
 d - a scroll of enchant weapon
 i - 3 scrolls of amnesia
 l - 6 scrolls of teleportation
 q - 4 scrolls of magic mapping
 A - 2 scrolls of fog
 D - a scroll of silence
 T - a scroll of fear
Potions
 b - a potion of invisibility
 o - 3 potions of brilliance
 p - 2 potions of berserk rage
 s - 2 potions of attraction
 B - a potion of mutation
 C - a potion of haste
 F - 3 potions of magic
 J - 2 potions of curing


   Skills:
 + Level 7.6(8.9) Fighting
 - Level 2.6 Axes
 - Level 2.1 Armour
 + Level 6.5(7.8) Dodging
 - Level 5.0(6.2) Stealth
 + Level 4.5(5.7) Spellcasting
 - Level 6.1 Conjurations
 + Level 6.1(7.3) Transmutations
 + Level 3.7(4.8) Air Magic
 - Level 4.7(5.9) Earth Magic
 + Level 6.8(8.1) Poison Magic


You had 4 spell levels left.
You knew the following spells:

 Your Spells              Type           Power      Damage    Failure   Level
a - Kiss of Death         Conj/Necr      88%        2d12      1%          1
b - Stone Arrow           Conj/Erth      70%        3d11      1%          3
c - Hailstorm             Conj/Ice       22%        3d7       6%          3
d - Irradiate             Conj/Tmut      19%        3d18      12%         5
e - Arcjolt               Conj/Air       16%        1d26      21%         5

Your spell library contained the following spells:

 Spells                   Type           Power      Damage    Failure   Level
 Magic Dart               Conj           100%       1d8       1%          1
 Sandblast                Erth           70%        2d15      1%          1
 Passwall                 Tmut/Erth      31%        N/A       1%          2
 Searing Ray              Conj           72%        2d7       1%          2
 Wereblood                Tmut           42%        N/A       1%          2
 Momentum Strike          Conj/Tloc      42%        3d9       3%          2
 Petrify                  Tmut/Erth      38%        N/A       4%          4
 Vhi's Electric Charge    Tloc/Air       36%        N/A       8%          3
 Sublimation of Blood     Necr           7%         N/A       11%         2
 Fulminant Prism          Conj/Hex       10%        3d8       19%         4
 Confusing Touch          Hex            6%         N/A       21%         3
 Ozocubu's Armour         Ice            7%         N/A       21%         3
 Dispel Undead            Necr           7%         3d8       52%         4
 Ozocubu's Refrigeration  Ice            3%         4d8       100%        7
 Summon Hydra             Summ           3%         N/A       100%        7
 Maxwell's Capacitive Co  Air            15%        ∞         100%        8


Dungeon Overview and Level Annotations

Branches:
Dungeon (10/15)            Temple (1/1) D:4            Lair (1/5) D:9
  Sewer (visited)         Gauntlet (1/1)
    Orc: D:9-12

Altars:
Ashenzari
Cheibriados
Dithmenos
Kikubaaqudgha
Qazlal
Vehumet

Shops:
D:6 ?   D:7 *

Annotations:
Gauntlet 6 transporters


Innate Abilities, Weirdness & Mutations

You have a pair of large antennae on your head. (SInv)
You are partially covered in slimy green scales. (AC +2)
Your demonic aura sometimes causes spilled blood to erupt in flames.
You regenerate magic rapidly.


Message History

Your tengu warrior hits the minotaur with a +2 dire flail of holy wrath.
Your tengu warrior closely misses the minotaur.
Your tengu warrior claws the minotaur.
Casting: Hailstorm (dangerous; 6% risk of failure)
Confirm with . or Enter, or press ? or * to list all spells.
Casting: Hailstorm (dangerous; 6% risk of failure)
Press: ? - help, Dir - look around, f - activate A cannonade of hail descends around you!
The hail pelts the minotaur!
The minotaur is severely wounded.
The minotaur throws a javelin.
The javelin pierces through your tengu warrior!
Your tengu warrior dies!
Your tengu warrior's corpse dissolves into shadows!
The javelin pierces through you!
Aiming: Quicksilver Bolt
Press: ? - help, Shift-Dir - straight line, f - minotaur
Aim: a minotaur, wielding the +4 falchion "Itirph" {protect, rCorr Str+4}, wearing a +0 chain mail, wearing the ring "Soaplo" {Will++ EV+4 Int+8 Stlth-} and quivering javelins (severely wounded, 68% to hit)
The bolt of dispelling energy hits the minotaur!
The minotaur is almost dead.
The minotaur throws a javelin.
The javelin pierces through you!!
* * * LOW HITPOINT WARNING * * *
Aiming: Quicksilver Bolt
Press: ? - help, Shift-Dir - straight line, f/p - minotaur
Aim: a minotaur, wielding the +4 falchion "Itirph" {protect, rCorr Str+4}, wearing a +0 chain mail, wearing the ring "Soaplo" {Will++ EV+4 Int+8 Stlth-} and quivering javelins (almost dead, 68% to hit)
The bolt of dispelling energy misses the minotaur.
The minotaur throws a javelin.
The javelin pierces through you.
* * * LOW HITPOINT WARNING * * *
Aiming: Quicksilver Bolt
Press: ? - help, Shift-Dir - straight line, f/p - minotaur
Aim: a minotaur, wielding the +4 falchion "Itirph" {protect, rCorr Str+4}, wearing a +0 chain mail, wearing the ring "Soaplo" {Will++ EV+4 Int+8 Stlth-} and quivering javelins (almost dead, 68% to hit)
The bolt of dispelling energy hits the minotaur.
The minotaur is almost dead.
Aiming: Quicksilver Bolt
Press: ? - help, Shift-Dir - straight line, f/p - minotaur
Aim: a minotaur, wielding the +4 falchion "Itirph" {protect, rCorr Str+4}, wearing a +0 chain mail, wearing the ring "Soaplo" {Will++ EV+4 Int+8 Stlth-} and quivering javelins (almost dead, 68% to hit)
The bolt of dispelling energy hits the minotaur but does no damage.
The minotaur is almost dead.
The minotaur hits you with the +4 falchion "Itirph" {protect, rCorr Str+4}!
You die...

#...##.8.#..#..##. *
#.#.##...#..#..##. #,*
#.#....8.#..#.#... ##' *
#.#.##...#..#..... #.H.,
#...##...#§.######
#...∩##.#.##.©.#§.......
+⌠...Z'.#......#∩.......
* , #H#.##.©.#§....... +
*#@..##...#..###### *
#.#.##...#..#x.xX.
#.#....8.#..#x##..
#.#.##...#..#[.##.
#...##.8.#..#..x#.
######.§.#..#©..#©
#≈8≈#..#)..#.
#####..#=.##. #..#.##..


You could see a minotaur.

Vanquished Creatures
  Gastronok (D:8)
  Pikel (D:5)
  Joseph (D:8)
  Maurice (D:8)
  A komodo dragon (Lair:1)
  A shadow (D:10)
  Sigmund (D:4)
  6 yaks (Lair:1)
  A wyvern (D:8)
  A ynoxinul (Gauntlet)
  3 steam dragons
  A wraith (D:8)
  Eustachio (D:5)
  Menkaure (D:5)
  Edmund (D:5)
  4 water moccasins
  Duvessa (D:4)
  4 orc warriors
  2 ice beasts (D:6)
  2 sky beasts
  5 black bears
  2 centaurs
  4 lemures (D:5)
  5 kobold brigands
  Blork the orc (D:6)
  4 bullfrogs
  A necrophage (D:7)
  2 gnoll sergeants
  3 scorpions
  3 wights (D:7)
  Dowan (D:4)
  3 howler monkeys
  3 hounds
  2 jellies
  3 gnoll boudas
  6 orc priests
  Crazy Yiuf (D:6)
  4 iron imps (Gauntlet)
  5 iguanas
  Ijyb (D:4)
  8 orc wizards
  20 gnolls
  19 adders
  7 river rats (D:5)
  5 white imps
  2 ufetubi (D:5)
  5 worms
  A dart slug (D:1)
  15 orcs
  7 endoplasms
  2 giant cockroaches (D:2)
  6 goblins
  8 hobgoblins
  5 jackals
  5 quokkas
  5 ball pythons
  5 bats
  6 frilled lizards
  15 kobolds
  25 rats
  A butterfly (D:4)
266 creatures vanquished.

Vanquished Creatures (collateral kills)
  A ghost crab (Gauntlet)
  An ice devil (Gauntlet)
  A white imp (Gauntlet)
3 creatures vanquished.

Vanquished Creatures (others)
  28 demonic plants (Gauntlet)
  4 fungi (D:9)
  9 plants
41 creatures vanquished.

Grand Total: 310 creatures vanquished

Notes
Turn   | Place    | Note
-------+----------+-------------------------------------------
     0 | D:1      | Shayle the Demonspawn Reaver began the quest for the Orb.
     0 | D:1      | Reached XP level 1. HP: 16/16 MP: 3/3
   193 | D:1      | Gained mutation: You regenerate magic rapidly. [demonic
                  | ancestry]
   193 | D:1      | Reached XP level 2. HP: 22/22 MP: 5/5
   211 | D:1      | Reached skill level 1 in Stealth
   509 | D:1      | Reached skill level 1 in Armour
   509 | D:1      | Gained mutation: Your demonic aura sometimes causes spilled
                  | blood to erupt in flames. [demonic ancestry]
   509 | D:1      | Reached XP level 3. HP: 2/28 MP: 6/6
  1116 | D:2      | Learned a level 3 spell: Stone Arrow
  1318 | D:2      | Identified the +9 whip "Hiwerph" {spect, rElec rC+ Stlth+}
  1462 | D:2      | Reached XP level 4. HP: 34/34 MP: 7/7
  1547 | D:2      | You fall into a shaft and drop 1 floor!
  1547 | D:3      | Found a broken altar of Ashenzari.
  1551 | D:3      | Found an ancient bone altar of Kikubaaqudgha.
  1555 | D:3      | Became a worshipper of Ashenzari the Shackled
  1561 | D:3      | Found a stormy altar of Qazlal.
  1564 | D:3      | Found a snail-covered altar of Cheibriados.
  1802 | D:2      | Reached skill level 3 in Fighting
  2072 | D:3      | Reached skill level 1 in Earth Magic
  2072 | D:3      | Gained mutation: You have a pair of small antennae on your
                  | head. [demonic ancestry]
  2072 | D:3      | Reached XP level 5. HP: 41/41 MP: 8/8
  2416 | D:4      | Found a staircase to the Ecumenical Temple.
  2427 | Temple   | Entered the Ecumenical Temple
  2477 | D:4      | Noticed Sigmund
  2485 | D:4      | Killed Sigmund
  2486 | D:4      | Reached skill level 1 in Transmutations
  2486 | D:4      | Reached skill level 1 in Poison Magic
  2486 | D:4      | Gained mutation: You are partially covered in slimy green
                  | scales. (AC +2) [demonic ancestry]
  2486 | D:4      | Reached XP level 6. HP: 47/47 MP: 9/9
  2569 | D:4      | Noticed Ijyb
  2584 | D:5      | Entered Level 5 of the Dungeon
  2790 | D:5      | Gained mutation: You have a pair of antennae on your head.
                  | [demonic ancestry]
  2790 | D:5      | Reached XP level 7. HP: 34/53 MP: 10/10
  2889 | D:5      | Noticed Eustachio
  2916 | D:5      | Noticed Menkaure
  2932 | D:5      | Noticed Edmund
  2941 | D:5      | Killed Edmund
  2942 | D:5      | Reached skill level 4 in Fighting
  3066 | D:5      | Reached XP level 8. HP: 60/60 MP: 11/11
  3149 | D:5      | Found a shadowy altar of Dithmenos.
  3285 | D:5      | Killed Eustachio
  3466 | D:5      | Noticed Pikel
  3479 | D:4      | Noticed Duvessa
  3479 | D:4      | Noticed Dowan
  3486 | D:5      | Killed Pikel
  3487 | D:5      | Reached skill level 5 in Fighting
  3487 | D:5      | Reached skill level 5 in Conjurations
  3487 | D:5      | Killed Menkaure
  3493 | D:5      | Reached * piety under Ashenzari
  3557 | D:5      | Gained mutation: You have a pair of large antennae on your
                  | head. (SInv) [demonic ancestry]
  3557 | D:5      | Reached XP level 9. HP: 65/69 MP: 12/12
  3987 | D:4      | Killed Duvessa
  3988 | D:4      | Killed Dowan
  4201 | D:4      | Killed Ijyb
  4730 | D:6      | Found a glowing drain.
  4734 | Sewer    | Entered a sewer
  4851 | Sewer    | Reached skill level 5 in Stealth
  5418 | D:6      | Reached skill level 6 in Fighting
  5436 | D:6      | Noticed Blork the orc
  5444 | D:6      | Killed Blork the orc
  5455 | D:6      | Identified the +8 hammer of Defence {speed, Str+3}
  5469 | D:6      | Identified the +9 hammer of the Glimmering Enemy {venom,
                  | rC+ MP+9 Int+5}
  5484 | D:6      | Found a runed translucent door.
  5485 | D:6      | Noticed Crazy Yiuf
  5487 | D:6      | Identified the +6 hammer of Zeerypom {freeze, Int+3}
  5509 | D:6      | Killed Crazy Yiuf
  5565 | D:6      | Reached skill level 5 in Poison Magic
  5758 | D:6      | Found Editzo's Magic Scroll Shop.
  5773 | D:6      | Bought a scroll of teleportation for 45 gold pieces
  5773 | D:6      | Bought a scroll of teleportation for 45 gold pieces
  5773 | D:6      | Bought a scroll of blinking for 112 gold pieces
  5773 | D:6      | Bought a scroll of teleportation for 45 gold pieces
  5886 | D:6      | Reached ** piety under Ashenzari
  6097 | D:6      | Reached XP level 10. HP: 76/79 MP: 14/14
  6153 | D:6      | Reached skill level 5 in Dodging
  6547 | D:7      | Found Egregihi's Assorted Antiques.
  6568 | D:7      | Bought a potion of heal wounds for 130 gold pieces
  6669 | D:7      | Reached skill level 1 in Air Magic
  7106 | D:8      | Noticed Maurice
  7112 | D:8      | Killed Maurice
  7141 | D:8      | Found a radiant altar of Vehumet.
  7291 | D:8      | Reached skill level 5 in Transmutations
  7470 | D:8      | Noticed Joseph
  7485 | D:8      | Killed Joseph
  7570 | D:8      | Noticed Gastronok
  7596 | D:8      | Killed Gastronok
  7597 | D:8      | Reached skill level 7 in Fighting
  7814 | D:9      | Identified the +5 quarterstaff "Ted Kim" {vorpal, rN+ Str+3
                  | Int-3}
  8007 | D:9      | Reached XP level 11. HP: 77/87 MP: 18/18
  8135 | D:9      | Found a staircase to the Lair.
  8282 | D:10     | Entered Level 10 of the Dungeon
  8336 | Lair:1   | Entered Level 1 of the Lair of Beasts
  8468 | Lair:1   | Found a gate leading to a gauntlet.
  8487 | Gauntlet | Entered a Gauntlet
  8487 | Gauntlet | Found a transporter.
  8487 | Gauntlet | Found a transporter.
  8488 | Gauntlet | Found a transporter.
  8508 | Gauntlet | Found a transporter.
  8525 | Gauntlet | Found a transporter.
  8529 | Gauntlet | Found a transporter.
  8548 | Gauntlet | Identified the ring of the Jester {Will+ MP+9 Str+8 Dex-3
                  | Slay-5}
  8550 | Gauntlet | Found a transporter.
  8563 | Gauntlet | Noticed a ghost crab
  8565 | Gauntlet | Found a transporter.
  8570 | Gauntlet | Found a transporter.
  8573 | Gauntlet | Found a transporter.
  8587 | Gauntlet | Found a transporter.
  8621 | Gauntlet | Found a transporter.
  8887 | Gauntlet | Learned a level 3 spell: Hailstorm
  8893 | Gauntlet | Learned a level 5 spell: Irradiate
  8899 | Gauntlet | Learned a level 5 spell: Arcjolt
  8921 | Gauntlet | Noticed a spectral eleionoma
  8927 | Gauntlet | Killed a ghost crab
  8956 | Gauntlet | Identified the +4 falchion "Itirph" {protect, rCorr Str+4}
  8956 | Gauntlet | Identified the ring "Soaplo" {Will++ EV+4 Int+8 Stlth-}
  8956 | Gauntlet | Noticed a minotaur
  8970 | Gauntlet | Mangled by a minotaur

Illustrated notes

Levels and vault maps discovered:
D:1:      dpeg_arrival_radiant, layout_basic
D:2:      layout_loops_cross, dreamdust_princess_corridor
D:3:      layout_rooms, chequers_temple_overflow_minitemple,
          minmay_misc_feat_rugged
D:4:      layout_gridville, minmay_temple_entry_butterflies,
          minmay_misc_feat_four_crosses, uniq_duvessa, uniq_sigmund, uniq_ijyb
D:5:      black_bear_nest_2, layout_basic, kennysheep_mini_moat,
          wad_floor_pattern_untrapped, glass_columns_c, dk_rats_in_the_wall,
          uniq_edmund, uniq_menkaure, uniq_pikel, uniq_eustachio
D:6:      layout_layer_cave, serial_shops, nicolae_square_shop,
          gup_sewer_entry_spiral, uniq_crazy_yiuf_cottage, uniq_blork_the_orc
D:7:      layout_basic, kennysheep_windowed_goal
D:8:      layout_basic, fiery_altar_vehumet, uniq_gastronok, uniq_maurice,
          uniq_joseph
D:9:      layout_rooms, grunt_lair_entry_orc_guard_hut
D:10:     layout_loops_ring, abandoned_shop, dreamdust_princess_bridge,
          grunt_decor_fettered
Temple:   regret_index_temple_generic_petals
Lair:1:   layout_hall_layers, gauntlet_entry_generic
Gauntlet: gammafunk_gauntlet_hard_choice [gammafunk_gauntlet_arena_hedges,
          gammafunk_gauntlet_arena_spirals, nicolae_gauntlet_arena_flowing_pool,
          gammafunk_gauntlet_arena_teeth, gammafunk_gauntlet_arena_split_x,
          nicolae_gauntlet_arena_blocks, gauntlet_exit_hidden_loot]

Skill      XL: |  1  2  3  4  5  6  7  8  9 10 11 |
---------------+----------------------------------+-----
Stealth        | 1 2 3 4 5 |  5.0
Armour         | 1 2 |  2.1
Fighting       | 3 4 5 6 7 |  7.6
Earth Magic    | 1 2 3 4 |  4.7
Dodging        | 2 3 4 6 |  6.5
Transmutations | 1 2 3 4 5 6 |  6.1
Poison Magic   | 1 2 3 5 6 |  6.8
Conjurations   | 4 5 6 |  6.1
Air Magic      | 3 |  3.7
Spellcasting   | 3 4 |  4.5
Axes           | |  2.6

Action                   |  1- 3 |  4- 6 |  7- 9 | 10-12 || total
-------------------------+-------+-------+-------+-------++-------
Melee: Hand axe          |   117 |       |       |       ||   117
       Whip              |     6 |    72 |   252 |       ||   330
       Punch             |     1 |     1 |     6 |     4 ||    12
       Mace              |       |       |    12 |   263 ||   275
Throw: Dart              |       |       |       |     4 ||     4
 Cast: Stone Arrow       |       |       |     3 |     8 ||    11
       Hailstorm         |       |       |       |     6 ||     6
Invok: Curse Item        |       |     1 |     2 |       ||     3
Evoke: Wand              |       |       |     2 |     7 ||     9
  Use: Scroll            |     3 |     6 |     1 |     6 ||    16
       Potion            |       |     1 |     1 |     4 ||     6
 Stab: Sleeping          |     3 |    18 |     9 |     6 ||    36
       Distracted        |       |     1 |     5 |       ||     6
Armor: Leather armour    |    38 |    13 |    53 |       ||   104
       Ring mail         |       |       |     9 |   193 ||   202
Dodge: Dodged            |    75 |    41 |   131 |   277 ||   524

Table legend: (Time is in decaauts)
 A = Elapsed time spent in this place.
 B = Non-inter-level travel time spent in this place.
 C = Inter-level travel time spent in this place.
 D = Time resting spent in this place.
 E = Time spent auto-exploring this place.
 F = Levels seen in this place.
 G = Mean time per level.
                   A        B        C        D        E       F      G
               +--------+--------+--------+--------+--------+-----+--------+
         Total |   9222 |   8869 |    353 |    492 |   5215 |  14 |  658.7 |
       Dungeon |   8245 |   7892 |    353 |    447 |   5097 |  10 |  824.5 |
        Temple |      1 |      1 |      0 |      0 |      0 |   1 |    1.0 |
          Lair |    159 |    159 |      0 |     28 |      0 |   1 |  159.0 |
         Sewer |    322 |    322 |      0 |      0 |    117 |   1 |  322.0 |
      Gauntlet |    493 |    493 |      0 |     17 |      0 |   1 |  493.0 |
               +--------+--------+--------+--------+--------+-----+--------+

Top non-repeatable levels by time:
     D:6: 1481 daAuts
     D:5: 1448 daAuts
     D:1: 957 daAuts
     D:2: 876 daAuts
     D:7: 776 daAuts
     D:4: 760 daAuts
     D:8: 726 daAuts
     D:3: 630 daAuts
     D:9: 572 daAuts
Gauntlet: 493 daAuts
   Sewer: 322 daAuts
  Lair:1: 159 daAuts
    D:10: 15 daAuts
  Temple: 1 daAuts
